[Event "Budapest IM-A ONE WEEK Feb 2024"]
[Site "Budapest"]
[Date "2024.03.01"]
[Round "8.4"]
[White "Papp, Sarah"]
[Black "Fodor, Balazs"]
[Result "1/2-1/2"]
[ECO "B90"]
[WhiteElo "2279"]
[BlackElo "2215"]
[Annotator "TA"]
[PlyCount "87"]
[EventDate "2024.02.25"]
[EventType "tourn"]
[EventCountry "HUN"]
[SourceTitle "playchess.com"]
[Source "ChessBase"]
[SourceQuality "1"]
[TimeControl "5400+30"]

1. e4 c5 2. Nf3 d6 3. d4 cxd4 4. Nxd4 Nf6 5. Nc3 a6 6. h3 e6 7. g4 Nfd7 8. h4 b5 9. a3 Bb7 {[%emt 0:00:08] Weiß hat minimalen Vorteil.} 10. g5 Be7 11. Be3 Nc6 12. Rg1 Rc8 13. h5 Nxd4 (13... Nce5 $11 {hält das Gleichgewicht.}) 14. Qxd4 $16 Ne5 15. O-O-O {[%emt 0:06:01] f4 wäre nun fies.} Rg8 16. Rg3 {[%emt 0:03:36] Lässt Nf3 nicht zu} Nc4 17. Bxc4 Rxc4 18. Qd3 g6 19. h6 {[%emt 0:01:14] Schwarz hat schwache schwarze Felder} Qa8 20. f3 Qc8 21. Rg2 Rf8 22. Bf4 e5 23. Be3 {[%emt 0:01:29] Lässt Rd4 nicht zu} Qh3 24. Rf2 Qe6 (24... f6 $14) 25. b3 Rc8 26. Kb2 (26. a4 $16) 26... f6 $14 27. gxf6 $1 Rxf6 28. a4 bxa4 29. Nxa4 Rf7 30. Nb6 Rd8 31. Qc3 Kf8 32. Nd5 {[%emt 0:01:29] Weiß steht deutlich aktiver.} (32. f4 $16) 32... Bxd5 33. Rxd5 Qh3 ({Besser ist} 33... g5 $14) 34. f4 $36 {[%emt 0:01:31][%mdl 2048] Weiss hat starke Initiative.} Rc8 35. Qd2 exf4 36. Rxf4 Rxf4 (36... Kg8 $16 {war angesagt.}) 37. Bxf4 $18 Bf6+ {[%emt 0:00:38] [#]} 38. Ka2 $2 (38. e5 $1 $18 dxe5 39. Bxe5) 38... Qf1 $2 {[%emt 0:00:49][%mdl 8192] Das Aus für Schwarz.} (38... Qh1 $1 $11 {und Schwarz ist OK.} 39. Bxd6+ (39. Rxd6 $2 Qa1#) 39... Ke8) 39. Bxd6+ Kg8 {[%emt 0:00:25] [#]} 40. Be5 {[%emt 0:01:03] Pariert Qa1+.} (40. e5 Bg5 41. Qd3 (41. Qxg5 Rxc2+ 42. Ka3 Qa1+ 43. Kb4 Qc3+ 44. Ka3 Qa1+ 45. Kb4 Qe1+ 46. Ka3 Qa1+ $11) 41... Qxd3 42. cxd3 Rc2+ 43. Kb1 Re2 $11) 40... Be7 (40... Bxe5 $142 41. Rxe5 Qf7) 41. Bb2 {[%emt 0:00:34] Schwarz muss nun Rd7 beachten.} Rf8 42. Rd7 {[%emt 0:00:13] Weiß setzt Matt.} Kf7 43. Qd5+ Ke8 44. Ra7 {[%emt 0:00:36][%mdl 32768] Gewichteter Fehlerwert: Weiß=0.14 (sehr präzise) /Schwarz=0.42.  Verlustzug:     	---       	Schwarz=1     Gewinn verpasst:   	Weiß=1     	---        Fehler:       	Weiß=2     	Schwarz=5     Ungenau:       	Weiß=3     	Schwarz=2     OK:         	Weiß=14    	Schwarz=12    Bester:       	Weiß=1     	Schwarz=5     Stark:        	Weiß=1     	---       . Ein unerwartetes Ergebnis.} 1/2-1/2

[Event "Budapest IM-A ONE WEEK Feb 2024"]
[Site "Budapest"]
[Date "2024.03.01"]
[Round "8.5"]
[White "Dudognon, Thibault"]
[Black "Foldes, Marton Gabor"]
[Result "1-0"]
[ECO "B44"]
[WhiteElo "2388"]
[BlackElo "2119"]
[Annotator "RC"]
[PlyCount "107"]
[EventDate "2024.02.25"]
[EventType "tourn"]
[EventCountry "HUN"]
[SourceTitle "playchess.com"]
[Source "ChessBase"]
[SourceQuality "1"]
[TimeControl "5400+30"]

1. e4 c5 2. Nf3 e6 3. d4 cxd4 4. Nxd4 Nc6 5. Bf4 d6 6. Nxc6 bxc6 7. Bd3 e5 8. Be3 Nf6 9. c4 Be7 10. O-O O-O 11. Nc3 Be6 12. Qa4 Qc7 13. Rac1 Qb7 14. Qc2 h6 15. b3 Rad8 16. f3 d5 17. cxd5 cxd5 18. exd5 Nxd5 19. Nxd5 Bxd5 20. Bh7+ Kh8 21. Be4 Bxe4 22. Qxe4 Qxe4 23. fxe4 Rd7 24. Kf2 Rfd8 25. Ke2 Bg5 26. Bxg5 hxg5 27. Rfd1 f6 28. Rxd7 Rxd7 29. Ke3 Kg8 30. b4 Kf7 31. b5 g6 32. a4 f5 33. a5 Rb7 34. Rb1 Ke7 35. Kd3 Kd6 36. a6 Rb8 37. Kc4 Rc8+ 38. Kb4 Rc2 39. b6 axb6 40. Ra1 Rc8 41. a7 Ra8 42. Kb5 Kc7 43. Ka6 fxe4 44. Re1 Kd6 45. Rxe4 Kd5 46. Rg4 b5 47. Kb7 Rf8 48. a8=Q Rxa8 49. Kxa8 e4 50. Rxg5+ Kc4 51. Re5 Kd3 52. Rxb5 e3 53. Re5 e2 54. h4 1-0

[Event "Budapest IM-A ONE WEEK Feb 2024"]
[Site "Budapest"]
[Date "2024.03.02"]
[Round "9.1"]
[White "Foldes, Marton Gabor"]
[Black "Meessen, Rudolf"]
[Result "1-0"]
[ECO "B02"]
[WhiteElo "2119"]
[BlackElo "2169"]
[Annotator "RC"]
[PlyCount "92"]
[EventDate "2024.02.25"]
[EventType "tourn"]
[EventCountry "HUN"]
[SourceTitle "playchess.com"]
[Source "ChessBase"]
[SourceQuality "1"]
[TimeControl "5400+30"]

1. e4 Nf6 2. e5 Nd5 3. Nc3 Nxc3 4. bxc3 e6 5. f4 d5 6. Nf3 c5 7. d4 Qa5 8. Bd2 c4 9. Be2 Bd7 10. O-O h6 11. f5 exf5 12. Nh4 g6 13. g4 Be7 14. Ng2 Na6 15. gxf5 gxf5 16. Ne3 Rg8+ 17. Kh1 Rg5 18. Ng2 O-O-O 19. Bxg5 hxg5 20. Qd2 Rh8 21. Ne3 f4 22. Nd1 Nc7 23. Nf2 Nb5 24. Nd1 Bf5 25. Bf3 Na3 26. Rc1 Be6 27. Qg2 Rh4 28. Nf2 Kb8 29. Rg1 a6 30. Rgf1 Ka7 31. Rg1 Nb5 32. Bxd5 Nxc3 33. Bxb7 g4 34. Nd1 g3 35. Nxc3 Qxc3 36. Be4 Rxh2+ 37. Qxh2 gxh2 38. Rg8 Qxd4 39. Ra8+ Kb6 40. Rb8+ Ka5 41. Bg2 Bd5 42. Rg8 f3 43. Bf1 Bc5 44. Bh3 Qxe5 45. Rc8 f2+ 46. Bg2 Qe1+ 1-0

[Event "Budapest IM-A ONE WEEK Feb 2024"]
[Site "Budapest"]
[Date "2024.03.02"]
[Round "9.2"]
[White "Fodor, Balazs"]
[Black "Dudognon, Thibault"]
[Result "1/2-1/2"]
[ECO "D20"]
[WhiteElo "2215"]
[BlackElo "2388"]
[Annotator "RC"]
[PlyCount "53"]
[EventDate "2024.02.25"]
[EventType "tourn"]
[EventCountry "HUN"]
[SourceTitle "playchess.com"]
[Source "ChessBase"]
[SourceQuality "1"]
[TimeControl "5400+30"]

1. d4 d5 2. c4 dxc4 3. e3 e5 4. Bxc4 Nc6 5. Nf3 e4 6. Qb3 Nh6 7. Nfd2 f5 8. O-O Bd6 9. Be2 Nf7 10. Nc4 O-O 11. Nc3 Kh8 12. f3 exf3 13. Bxf3 Ng5 14. Be2 a6 15. Bd2 Be7 16. a4 Rb8 17. d5 Nb4 18. e4 Nf7 19. Be3 fxe4 20. Rad1 b5 21. axb5 axb5 22. Na5 Bd6 23. Nxe4 Ra8 24. Nxd6 Qxd6 25. Nc6 Nxc6 26. dxc6 Qe7 27. Qc3 1/2-1/2

[Event "Budapest IM-A ONE WEEK Feb 2024"]
[Site "Budapest"]
[Date "2024.03.02"]
[Round "9.2"]
[White "Poysti, Nathanael"]
[Black "Velikic, Adela"]
[Result "*"]
[ECO "D20"]
[WhiteElo "2197"]
[BlackElo "2278"]
[Annotator "RC"]
[PlyCount "22"]
[EventDate "2024.02.25"]
[EventType "tourn"]
[EventCountry "HUN"]
[SourceTitle "playchess.com"]
[Source "ChessBase"]
[SourceQuality "1"]
[TimeControl "5400+30"]

1. d4 d5 2. c4 dxc4 3. e3 e5 4. Bxc4 Nc6 5. Nf3 e4 6. Qb3 Nh6 7. Nfd2 f5 8. O-O Bd6 9. Be2 Nf7 10. Nc4 O-O 11. Nc3 Kh8 *

[Event "Budapest IM-A ONE WEEK Feb 2024"]
[Site "Budapest"]
[Date "2024.03.02"]
[Round "9.3"]
[White "Jakab, Attila"]
[Black "Papp, Sarah"]
[Result "0-1"]
[ECO "E54"]
[WhiteElo "2278"]
[BlackElo "2279"]
[Annotator "TA"]
[PlyCount "56"]
[EventDate "2024.02.25"]
[EventType "tourn"]
[EventCountry "HUN"]
[SourceTitle "playchess.com"]
[Source "ChessBase"]
[SourceQuality "1"]
[TimeControl "5400+30"]

1. d4 Nf6 2. c4 e6 3. Nc3 Bb4 4. e3 O-O 5. Bd3 d5 6. Nf3 dxc4 7. Bxc4 c5 8. O-O Nc6 9. a3 Ba5 10. d5 exd5 11. Nxd5 Bg4 12. h3 {[%emt 0:00:19] The position is equal.} Bh5 13. Nf4 Qxd1 14. Rxd1 Bxf3 15. gxf3 Rfd8 16. Nd5 Kf8 17. Bb3 Nxd5 18. Rxd5 (18. Bxd5 $11 Ne7 19. Bb3) 18... Rxd5 $15 19. Bxd5 Rd8 20. Bb3 Ne5 21. Kg2 c4 22. Bc2 Nd3 {[%emt 0:00:34] [#] Hoping for ...Ne1+.} 23. Kf1 b5 24. a4 (24. f4 $142) 24... b4 $17 {[%emt 0:05:35] Black is much more active.} 25. Bxd3 (25. b3 $17 {might work better.}) 25... Rxd3 $19 ({Less strong is} 25... cxd3 26. Ke1 $17 (26. Bd2 Rc8 $17)) 26. Ke2 Rb3 {[%emt 0:01:21] Black has a decisive advantage.} 27. Kd1 Bd8 28. Kc2 Bf6 {[%emt 0:01:04] Weighted Error Value: White=0.23 (precise) /Black=0.02 (flawless) .  Mistake:       	White=3     	---        Inaccurate:     	---       	Black=1      OK:         	White=3     	Black=9      Best:        	White=1     	Black=4} 0-1

[Event "Budapest IM-A ONE WEEK Feb 2024"]
[Site "Budapest"]
[Date "2024.03.02"]
[Round "9.5"]
[White "Ulasevich, Sergei"]
[Black "Toth-Goczo, Melinda"]
[Result "1-0"]
[ECO "B12"]
[WhiteElo "2261"]
[BlackElo "2201"]
[Annotator "TA"]
[PlyCount "87"]
[EventDate "2024.02.25"]
[EventType "tourn"]
[EventCountry "HUN"]
[SourceTitle "playchess.com"]
[Source "ChessBase"]
[SourceQuality "1"]
[TimeControl "5400+30"]

1. e4 c6 2. d4 g6 3. Nc3 d5 4. h3 Bg7 5. e5 f6 6. f4 {[%emt 0:00:27] B15: Caro-Kann: 3 Nc3: 3...g6 and 3...dxe4 4 Nxe4 Nf6 5 Nxf6+ exf6.} Nh6 7. g4 Nf7 8. Nf3 c5 $146 ({Predecessor:} 8... h5 9. g5 fxg5 10. fxg5 Bf5 11. Nh4 e6 12. Nxf5 exf5 13. h4 Qe7 14. Ne2 Nd7 {0-1 Deac,B (2643)-Tasdogen,D (2301) Speed Chess Super Swiss blitz 2021 (15)}) 9. Bb5+ Nc6 10. dxc5 e6 11. Qe2 (11. exf6 $1 $16 Bxf6 12. Qe2) 11... O-O (11... fxe5 $11 12. fxe5 O-O) 12. Bxc6 ({White should play} 12. exf6 $16 Bxf6 13. Be3) 12... bxc6 $11 13. h4 (13. exf6 $11 Bxf6 14. Be3) 13... fxe5 $17 14. fxe5 d4 (14... Nxe5 {simplifies} 15. Nxe5 Qc7 16. Bg5 Qxe5 17. Qxe5 Bxe5 18. O-O-O Rb8) 15. Ne4 Nxe5 (15... a5 $15 16. Nd6 Ba6) 16. Nxe5 $11 Bxe5 17. h5 (17. Bh6 $11 Qd5 18. O-O-O (18. Bxf8 $2 Ba6 $19) 18... Qxa2 19. Nd6 (19. Bxf8 $2 Bf4+) 19... Bxd6 20. cxd6) 17... Qd5 $1 $17 18. hxg6 $2 (18. Kd1 $17 {keeps fighting.}) 18... Ba6 $1 $19 19. Qg2 {[%emt 0:00:32] [#]} Bg3+ $2 ({Black should try} 19... d3 $1 $19 20. Be3 (20. Rxh7 d2+ 21. Kd1 dxc1=N+ 22. Kxc1 Bf4+) (20. gxh7+ $2 Kh8 $19) (20. c3 d2+) 20... hxg6) 20. Kd1 $11 Rf2 $2 {[%emt 0:07:29][%mdl 8192] [#]} (20... d3 $1 $11 {and Black has nothing to worry.} 21. c3 (21. gxh7+ Kh8 $11) 21... d2 22. Bxd2 (22. Rxh7 dxc1=Q+ 23. Kxc1 Bf4+ 24. Nd2 Qxg2) (22. gxh7+ $2 Kh8 $19) 22... Bf4 23. Nf6+ (23. gxh7+ $2 Kh8 $19) (23. Rxh7 $2 Bd3 $19) 23... Rxf6 24. gxh7+ Kh8 25. Qxd5 exd5) 21. Qxf2 $1 $18 (21. Nxf2 $2 {too greedy.} Qxg2 22. Bg5 Bxf2 $19 (22... Qxf2 23. gxh7+ Kf7 24. b3 d3 25. cxd3 Bxd3 26. Rf1 Qxf1+ 27. Kd2 Qe2+ 28. Kc3 Be5+ 29. Kb4 a5+ 30. Ka4 Qe4+ 31. Ka3 Qb4#) (22... hxg6 $2 23. Kc1 $19)) (21. Qxg3 Qxe4 22. Qxf2 (22. Rxh7 $2 Qe2#) (22. gxh7+ $2 {perishes.} Kg7 $19) 22... Qxh1+ 23. Kd2 Qh6+ 24. Kd1 Qxg6 (24... Qh1+ $2 25. Kd2 $19) 25. Qxd4 e5 $19) (21. gxh7+ Kh8 22. Qxg3 (22. Nxf2 $2 Qxg2 23. c4 Bxf2 $19) 22... Qxe4 23. Qxf2 Qxh1+ 24. Kd2 Qd5 $11 (24... Qh6+ 25. Kd1 $11)) 21... Bxf2 22. Nf6+ Kg7 23. Nxd5 exd5 24. gxh7 Re8 25. h8=Q+ Rxh8 26. Rxh8 Kxh8 27. Bf4 d3 28. cxd3 Bxd3 29. Kd2 Be4 30. Be3 Bh4 31. Rf1 Kg8 32. b4 Bd8 33. a4 a6 34. Kc3 Kg7 35. Bd4+ Kg8 36. Rf2 Bh4 37. Rh2 Be1+ 38. Kb3 Bf3 39. g5 Kf7 40. Rh6 Bd1+ 41. Ka3 (41. Kb2 $142 Bh5 42. Rxh5) 41... Bc2 $18 42. Rxc6 Bd2 43. g6+ Bxg6 44. Rf6+ 1-0